 Dungeon Crawl Stone Soup version 0.27-a0-92-g39ad13b146 (webtiles) character file.

Game seed: 15047124279953364335

4421 knot the Cleaver (level 10, 42/70 HPs)
             Began as a Demonspawn Berserker on Jan 16, 2021.
             Was an Elder of Trog.
             Quit the game on level 8 of the Dungeon.
             The game lasted 00:14:49 (10441 turns).

knot the Cleaver (Demonspawn Berserker)            Turns: 10441, Time: 00:14:49

Health: 42/70      AC: 13    Str: 18    XL:     10   Next: 14%
Magic:  10/10      EV: 11    Int: 18    God:    Trog [****..]
Gold:   415        SH:  0    Dex: 14    Spells: 9/9 levels left

rFire    + . .     SeeInvis .   I - +0 battleaxe
rCold    . . .     Faith    .   (shield currently unavailable)
rNeg     . . .     Spirit   .   F - +1 ring mail {rPois}
rPois    +         Reflect  .   (helmet unavailable)
rElec    .         Harm     .   (no cloak)
rCorr    .         Rampage  .   u - +3 pair of gauntlets of War {Slay+5}
Will     .....                  y - +2 pair of boots
Stlth    ++........             O - amulet of regeneration
HPRegen  0.61/turn              j - +6 ring of intelligence
MPRegen  0.12/turn              B - ring of protection from fire

@: no status effects
A: horns 3, thin skeletal structure 1
a: Renounce Religion, Berserk, Trog's Hand, Brothers in Arms


You were on level 8 of the Dungeon.
You worshipped Trog.
Trog was greatly pleased with you.
You visited 1 branch of the dungeon, and saw 8 of its levels.

You collected 415 gold pieces.

Inventory:

Hand Weapons
 b - a +4 dire flail of protection
 I - a +0 battleaxe (weapon)
Missiles
 c - 278 stones
 f - 14 boomerangs (quivered)
 o - 9 poisoned darts
 t - 42 sling bullets
Armour
 u - the +3 pair of gauntlets of War (worn) {Slay+5}
   (You found it on level 5 of the Dungeon)

   It affects your accuracy and damage with ranged weapons and melee attacks
   (+5).
 y - a +2 pair of boots (worn)
 E - a +2 leather armour of fire resistance
 F - a +1 ring mail of poison resistance (worn)
 P - the +1 robe of the Accordion {rElec rF++ rN+++ Str-3}
   (You found it on level 7 of the Dungeon)

   It affects your strength (-3).
   It greatly protects you from fire.
   It insulates you from electricity.
   It renders you almost immune to negative energy.
Magical Staves
 m - an uncursed staff of air {unknown}
Jewellery
 i - an uncursed amulet of magic regeneration
 j - a +6 ring of intelligence (left hand)
 B - a ring of protection from fire (right hand)
 O - an amulet of regeneration (around neck)
Wands
 r - a wand of paralysis (8)
 H - a wand of random effects (17)
 K - a wand of polymorph (9)
 L - a wand of disintegration (8)
 Q - a wand of acid (5)
Scrolls
 a - 2 scrolls of amnesia
 d - a scroll of fear
 e - a scroll of immolation
 g - 4 scrolls of teleportation
 h - a scroll of fog
 p - a scroll of remove curse
 q - 3 scrolls of blinking
 D - 2 scrolls of magic mapping
 J - 2 scrolls of identify
Potions
 k - 6 potions of curing {unknown}
 l - 3 potions of berserk rage {unknown}
 n - 2 potions of invisibility
 s - a potion of heal wounds
 v - a potion of attraction {unknown}
 w - 2 potions of lignification {unknown}
 x - 2 potions of flight {unknown}
 z - a potion of resistance {unknown}
 A - a potion of haste
 C - a potion of mutation {unknown}
 G - a potion of brilliance {unknown}
 M - a potion of degeneration {unknown}
 N - a potion of might {unknown}


   Skills:
 - Level 3.0 Fighting
 + Level 12.1 Axes
 * Level 6.0 Throwing
 - Level 1.7 Armour
 - Level 1.7 Dodging


You had 9 spell levels left.
You didn't know any spells.
Your spell library was empty.

Dungeon Overview and Level Annotations

Branches:
Dungeon (8/15)             Temple (0/1) D:4
   Lair: D:8-11

Altars:
Ashenzari
Cheibriados
Elyvilon
Kikubaaqudgha
Makhleb
Nemelex Xobeh
Okawaru
Qazlal
Ru
Wu Jian
Yredelemnul

Shops:
D:7 =*?*


Innate Abilities, Weirdness & Mutations

You have a pair of large horns on your head.
You have a somewhat thin skeletal structure. (Dex +2, Stealth)


Message History

Aim: a quokka (40% to evade)
The bolt of acid hits the wyvern.
The wyvern is splashed with acid!
The acid corrodes the wyvern!
The wyvern is almost dead.
The bolt of acid hits the two-headed ogre!
The two-headed ogre is splashed with acid.
The two-headed ogre seems to be corroded for longer.
You kill the two-headed ogre!
Trog accepts your kill.
The bolt of acid hits the quokka!
The quokka is splashed with acid!
You kill the quokka!
Trog accepts your kill.
The bolt of acid hits the plant!
The plant is splashed with acid.
The plant is lightly damaged.
A nearby plant withers and dies.
The wyvern bites you.
Your Throwing skill increases to level 6!
You have reached level 10!
Your demonic ancestry asserts itself...
Your bones become slightly less dense.
Are you sure you want to abandon this character and quit the game? (Confirm with "yes".)

.....# ..... # ..P.#
.#. ....# .... †..#
....# l.# #..###l#
#...@.# ##...##
####### ####
###..###.....####.#.
##†.<..........##.
##.....[.#...####
#.....####..####
#...### ##.....
#..## ##.... ##.##
##...##


You could see a basilisk (corroded) and a wyvern (corroded).

Vanquished Creatures
  A two-headed ogre (D:8)
  Pikel (D:4)
  An elephant (D:8)
  Sigmund (D:5)
  A wyvern (D:8)
  Menkaure (D:7)
  Duvessa (D:4)
  An orc warrior (D:3)
  2 black bears
  An ice beast (D:6)
  A phantom (D:7)
  An ogre (D:7)
  A centaur (D:7)
  2 lemures (D:4)
  Blork the orc (D:5)
  A bullfrog (D:8)
  A gnoll sergeant (D:8)
  Dowan (D:4)
  A scorpion (D:5)
  7 wights
  5 howler monkeys
  2 jellies
  3 orc priests
  2 quasits
  2 centaur zombies
  2 hounds
  2 orc wizards (D:6)
  Ijyb (D:4)
  Terence (D:1)
  An iguana (D:4)
  5 worker ants
  A killer bee zombie (D:5)
  2 hound skeletons (D:7)
  A worker ant zombie (D:5)
  8 gnolls
  10 adders
  2 shadow imps
  4 white imps
  2 ufetubi (D:6)
  3 oozes
  2 worms
  6 dart slugs
  4 leopard geckos
  23 orcs
  A ball python (D:4)
  11 bats
  4 giant cockroaches
  13 goblins
  7 hobgoblins
  13 jackals
  8 kobolds
  4 quokkas
  5 frilled lizards
  A leopard gecko zombie (D:6)
  A quokka skeleton (D:5)
  6 rats
196 creatures vanquished.

Vanquished Creatures (others)
  A jackal (D:4)
  A plant (D:8)
2 creatures vanquished.

Grand Total: 198 creatures vanquished

Notes
Turn   | Place    | Note
-------+----------+-------------------------------------------
     0 | D:1      | knot the Demonspawn Berserker began the quest for the Orb.
     0 | D:1      | Reached XP level 1. HP: 18/18 MP: 1/1
    71 | D:1      | Reached skill level 3 in Axes
   221 | D:1      | Gained mutation: You have a pair of small horns on your
                  | head. [demonic ancestry]
   221 | D:1      | Reached XP level 2. HP: 10/24 MP: 2/2
  1048 | D:2      | Noticed Terence
  1149 | D:1      | Killed Terence
  1150 | D:1      | Reached skill level 4 in Axes
  1150 | D:1      | Reached XP level 3. HP: 4/29 MP: 3/3
  1604 | D:2      | Reached XP level 4. HP: 35/35 MP: 4/4
  1687 | D:2      | Reached ** piety under Trog
  2110 | D:2      | Reached skill level 5 in Axes
  2479 | D:2      | Reached XP level 5. HP: 39/41 MP: 5/5
  2622 | D:2      | You fall into a shaft and drop 1 floor!
  4388 | D:4      | Noticed a lemure
  4389 | D:4      | Noticed Pikel
  4389 | D:4      | Noticed a lemure
  4389 | D:4      | Noticed a lemure
  4390 | D:4      | Noticed a lemure
  4395 | D:4      | Noticed an orc warrior
  4410 | D:3      | Reached skill level 6 in Axes
  4732 | D:4      | Killed a lemure
  4734 | D:4      | Gained mutation: You have a pair of horns on your head.
                  | [demonic ancestry]
  4734 | D:4      | Reached XP level 6. HP: 47/47 MP: 6/6
  4747 | D:3      | Killed an orc warrior
  5175 | D:4      | Killed Pikel
  5176 | D:4      | Reached skill level 8 in Axes
  5176 | D:4      | Reached XP level 7. HP: 24/52 MP: 7/7
  5828 | D:4      | Found a broken altar of Ashenzari.
  5896 | D:4      | Found a staircase to the Ecumenical Temple.
  6131 | D:4      | Found a snail-covered altar of Cheibriados.
  6308 | D:4      | Noticed Dowan
  6325 | D:4      | Noticed Duvessa
  6335 | D:4      | Killed Duvessa
  6336 | D:4      | Reached skill level 9 in Axes
  6336 | D:4      | Reached XP level 8. HP: 58/58 MP: 8/8
  6337 | D:4      | Killed Dowan
  6442 | D:4      | Noticed Ijyb
  6450 | D:4      | Killed Ijyb
  6719 | D:5      | Entered Level 5 of the Dungeon
  6743 | D:5      | Found a burning altar of Makhleb.
  7161 | D:5      | Reached *** piety under Trog
  7179 | D:5      | Found a sparkling altar of Nemelex Xobeh.
  7410 | D:5      | Noticed Blork the orc
  7414 | D:5      | Killed Blork the orc
  7415 | D:5      | Reached skill level 10 in Axes
  7629 | D:5      | Found an ornate altar of the Wu Jian Council.
  7629 | D:5      | Found a stormy altar of Qazlal.
  7634 | D:5      | Found a white marble altar of Elyvilon.
  7636 | D:5      | Found a sacrificial altar of Ru.
  7638 | D:5      | Found a burning altar of Makhleb.
  7730 | D:5      | Found the +3 pair of gauntlets of War {Slay+5}
  7999 | D:5      | Noticed Sigmund
  8007 | D:5      | Killed Sigmund
  8403 | D:6      | Reached skill level 11 in Axes
  8403 | D:6      | Gained mutation: You have a pair of large horns on your
                  | head. [demonic ancestry]
  8403 | D:6      | Reached XP level 9. HP: 63/63 MP: 9/9
  8489 | D:6      | Reached **** piety under Trog
  8884 | D:6      | Found an iron altar of Okawaru.
  9630 | D:7      | Reached skill level 1 in Throwing
  9670 | D:7      | Found Paodotze's General Store.
  9743 | D:7      | Found Igom's General Store.
  9744 | D:7      | Found Uladas's Magic Scroll Shop.
  9746 | D:7      | Found Miaskudi's Jewellery Shop.
  9921 | D:7      | Found an ancient bone altar of Kikubaaqudgha.
  9921 | D:7      | Found a basalt altar of Yredelemnul.
  9922 | D:7      | Noticed Menkaure
  9924 | D:7      | Found a transporter.
  9940 | D:7      | Found a transporter.
  9958 | D:7      | Killed Menkaure
 10005 | D:7      | Got a heavily jewelled robe
 10028 | D:7      | Identified the +1 robe of the Accordion {rElec rF++ rN+++
                  | Str-3} (You found it on level 7 of the Dungeon)
 10428 | D:8      | Noticed an elephant
 10428 | D:8      | Noticed a two-headed ogre
 10431 | D:8      | Noticed a death yak
 10435 | D:8      | Killed an elephant
 10436 | D:8      | Reached skill level 12 in Axes
 10436 | D:8      | Reached skill level 5 in Throwing
 10440 | D:8      | Killed a two-headed ogre
 10441 | D:8      | Gained mutation: You have a somewhat thin skeletal
                  | structure. (Dex +2, Stealth) [demonic ancestry]
 10441 | D:8      | Reached XP level 10. HP: 42/70 MP: 10/10
 10441 | D:8      | Quit the game

Illustrated notes

Levels and vault maps discovered:
D:1:      dpeg_arrival_castle, layout_basic, chequers_serial_rivers_micro_e
D:2:      layout_loops_ring, uniq_terence
D:3:      layout_basic
D:4:      kennysheep_goblin_castle, layout_basic, lemuel_crystal_altar,
          minmay_temple_entry_nine_rooms, hex_medium, kennysheep_slug_shrine,
          uniq_pikel, uniq_duvessa
D:5:      layout_cave_pods, chequers_temple_overflow_minitemple, basic_altar,
          makhleb_blood_cavern_becter, uniq_blork_the_orc, uniq_sigmund
D:6:      layout_basic, okawaru_gym_becter, minmay_tree_intersection,
          hangedman_abyss_or_decor_stabs
D:7:      layout_loops_ring, gammafunk_temple_of_torment,
          minmay_shop_grid_forest, uniq_menkaure
D:8:      layout_layer_cave, david_lair_generic, basic_altar

Skill      XL: |  1  2  3  4  5  6  7  8  9 |
---------------+----------------------------+-----
Axes           | 3 4 5 6 8 9 11 12 | 12.1
Throwing       | 6 |  6.0
Fighting       | |  3.0
Armour         | |  1.7
Dodging        | |  1.7

Action                   |  1- 3 |  4- 6 |  7- 9 | 10-12 || total
-------------------------+-------+-------+-------+-------++-------
Melee: Hand axe          |    76 |   127 |       |       ||   203
       Headbutt          |     7 |    19 |    32 |       ||    58
       War axe           |       |    28 |       |       ||    28
       Dire flail        |       |       |   108 |       ||   108
       Battleaxe         |       |       |   141 |       ||   141
Throw: Dart              |       |       |     3 |       ||     3
       Boomerang         |       |       |    16 |       ||    16
Invok: Berserk           |     3 |     5 |     5 |       ||    13
       Trog's Hand       |       |     1 |     1 |       ||     2
Evoke: Wand              |       |     5 |    13 |       ||    18
  Use: Scroll            |       |       |    12 |       ||    12
 Stab: Sleeping          |       |     1 |       |       ||     1
       Paralysed         |       |       |     4 |       ||     4
Armor: Animal skin       |    25 |    29 |       |       ||    54
       Leather armour    |       |       |     9 |       ||     9
       Robe              |       |       |     1 |       ||     1
       Ring mail         |       |       |   111 |       ||   111
Dodge: Dodged            |    77 |   107 |   142 |       ||   326

Table legend: (Time is in decaauts)
 A = Elapsed time spent in this place.
 B = Non-inter-level travel time spent in this place.
 C = Inter-level travel time spent in this place.
 D = Time resting spent in this place.
 E = Time spent auto-exploring this place.
 F = Levels seen in this place.
 G = Mean time per level.
                   A        B        C        D        E       F      G
               +--------+--------+--------+--------+--------+-----+--------+
         Total |  10609 |  10342 |    267 |   3687 |   5259 |   8 | 1326.1 |
       Dungeon |  10609 |  10342 |    267 |   3687 |   5259 |   8 | 1326.1 |
               +--------+--------+--------+--------+--------+-----+--------+

Top non-repeatable levels by time:
     D:3: 2762 daAuts
     D:1: 1452 daAuts
     D:5: 1401 daAuts
     D:4: 1396 daAuts
     D:6: 1383 daAuts
     D:2: 1226 daAuts
     D:7: 749 daAuts
     D:8: 237 daAuts
